 Dungeon Sprint DCSS version 0.30-a0-737-gf23d94013f (webtiles) character file.

Game seed: 5013805206093509521

22992 rocky1 the Shatterer (level 13, -4/165 HPs)
             Began as an Ogre Gladiator on Feb 3, 2023.
             Was an Initiate of Gozag.
             Slain by a cyan very ugly thing (25 damage)
             ... in the Dungeon (Sprint IX: "|||||||||||||||||||||||||||||").
             The game lasted 00:15:04 (4657 turns).

rocky1 the Shatterer (Ogre Gladiator)               Turns: 4657, Time: 00:15:05

Health: -4/165     AC: 14    Str: 26    XL:     13   Next: 3%
Magic:  17/17      EV: 15    Int: 11    God:    Gozag
Gold:   295        SH:  0    Dex: 14    Spells: 17/17 levels left

rFire   . . .      SeeInvis .    q - +2 dire flail (heavy)
rCold   + . .      Faith    .    (shield currently unavailable)
rNeg    . . .      Spirit   .    E - +0 swamp dragon scales
rPois   +          Reflect  .    c - +0 hat
rElec   .          Harm     .    F - +1 cloak
rCorr   .          Rampage  .    (gloves unavailable)
Will    ++...      NoTele   +    (boots unavailable)
Stlth   +                        (no amulet)
HPRegen 0.47/turn                o - +2 ring of protection
MPRegen 0.15/turn                h - ring of Jenil {rC+ Will+ Str+3 Dex+4}

@: hasted, very quick
A: large, unfitting armour, tough skin 1
a: Renounce Religion, Potion Petition, Call Merchant, Bribe Branch


You were in the Dungeon.
You worshipped Gozag.
Gozag was aware of your devotion.
You visited 1 branch You collected 7962 gold pieces.
You spent 4180 gold pieces at shops.
You paid 3487 gold pieces to Gozag.

Inventory:

Hand Weapons
 j - a +0 giant spiked club
 q - a +2 heavy dire flail (weapon)
Missiles
 d - 2 throwing nets (quivered)
 e - a large rock
 f - a curare-tipped dart
Armour
 c - a +0 hat (worn)
 z - a +0 cloak
 A - a +2 robe of positive energy
 E - +0 swamp dragon scales (worn)
 F - a +1 cloak (worn)
Jewellery
 h - the ring of Jenil (right hand) {rC+ Will+ Str+3 Dex+4}
   (You bought it in a shop in the Dungeon)

   [ring of protection from cold]

   Str:       It affects your strength (+3).
   Dex:       It affects your dexterity (+4).
   rC:        It protects you from cold.
   Will:      It increases your willpower.
 o - a +2 ring of protection (left hand)
 p - a ring of willpower
 r - a ring of protection from fire
 C - a ring of ice
 D - a ring of see invisible
Wands
 n - a wand of quicksilver (2)
 B - a wand of charming (19)
Scrolls
 m - 3 scrolls of amnesia
 t - a scroll of poison
 v - a scroll of fear
 w - a scroll of identify
 x - 3 scrolls of fog
 y - 4 scrolls of enchant weapon
 I - 2 scrolls of enchant armour
Potions
 b - a potion of invisibility
 g - 5 potions of heal wounds
 i - 5 potions of magic
 k - a potion of ambrosia
 l - 8 potions of curing
 s - a potion of might
 u - 5 potions of brilliance
 G - a potion of berserk rage
 H - 2 potions of mutation


   Skills:
 + Level 20.0 Fighting
 * Level 21.8 Maces & Flails
 - Level 3.3 Throwing
 + Level 5.8 Armour
 + Level 14.2 Dodging
 + Level 2.9 Spellcasting
 + Level 3.7 Evocations


You had 17 spell levels left.
You didn't know any spells.
Your spell library contained the following spells:

 Spells                   Type           Power      Damage    Failure   Level
 Scorch                   Fire           2%         2d5       52%         2
 Sublimation of Blood     Necr           1%         N/A       52%         2
 Wereblood                Tmut           1%         N/A       52%         2
 Dazzling Flash           Conj/Hex       2%         N/A       75%         3
 Inner Flame              Hex/Fire       1%         N/A       75%         3
 Tukima's Dance           Hex            1%         N/A       75%         3
 Flame Wave               Conj/Fire      1%         2d4       98%         4
 Iskenderun's Mystic Bla  Conj/Tloc      1%         2d3       98%         4
 Leda's Liquefaction      Hex/Erth       0%         N/A       98%         4
 Passage of Golubria      Tloc           1%         N/A       98%         4
 Summon Ice Beast         Ice/Summ       1%         N/A       98%         4
 Lee's Rapid Deconstruct  Erth           0%         3d4*      100%        5
 Summon Mana Viper        Hex/Summ       1%         N/A       100%        5
 Yara's Violent Unravell  Hex/Tmut       0%         3d3       100%        5
 Starburst                Conj/Fire      0%         6d3       100%        6
 Statue Form              Tmut/Erth      0%         N/A       100%        6
 Summon Cactus Giant      Summ           0%         N/A       100%        6
 Monstrous Menagerie      Summ           0%         N/A       100%        7
 Summon Hydra             Summ           0%         N/A       100%        7
 Discord                  Hex            0%         N/A       100%        8


Dungeon Overview and Level Annotations

Branches:
Dungeon (1/1)

Altars:
Cheibriados
Dithmenos
Elyvilon
Fedhas
Gozag
Hepliaklqana
Kikubaaqudgha
Makhleb
Nemelex Xobeh
Okawaru
Qazlal
Ru
Sif Muna
Trog
Uskayaw
Vehumet
Wu Jian
Xom
Yredelemnul
Zin
The Shining One
Jiyva
Lugonu

Shops:
D ![!:[=


Innate Abilities, Weirdness & Mutations

You are too large for most types of armour.
You have tough skin. (AC +1)


Message History

You bludgeon the boulder beetle!!
You kill the boulder beetle!
The frilled lizard is distracted by your dazzling golden aura.
The fire giant is distracted by your dazzling golden aura.
Your Fighting skill increases to level 20!
The frilled lizard hisses angrily.
You bludgeon the cyan very ugly thing!!
The cyan very ugly thing is moderately wounded.
The cyan very ugly thing kicks you. The cyan very ugly thing shocks you!!
The glowing orange brain is distracted by your dazzling golden aura.
The glowing orange brain turns its attention towards you.
You hit the cyan very ugly thing.
The cyan very ugly thing is moderately wounded.
The glowing orange brain is no longer distracted by gold.
The cyan very ugly thing kicks you!! The cyan very ugly thing shocks you!!
* * * LOW HITPOINT WARNING * * *
You thump the cyan very ugly thing!
The cyan very ugly thing is moderately wounded.
The frilled lizard is no longer distracted by gold.
You pound the cyan very ugly thing like an anvil!!!
The cyan very ugly thing is almost dead.
You hear a shout!
The cyan very ugly thing kicks you!
* * * LOW HITPOINT WARNING * * *
The cyan very ugly thing shocks you!!
* * * LOW HITPOINT WARNING * * *
Okay, then.
Okay, then.
You feel much better.
The fire giant is no longer distracted by gold.
The cyan very ugly thing barely misses you.
You feel yourself speed up. The cyan very ugly thing kicks you.
* * * LOW HITPOINT WARNING * * *
The cyan very ugly thing shocks you!!
* * * LOW HITPOINT WARNING * * *
You feel much better. The cyan very ugly thing kicks you!
* * * LOW HITPOINT WARNING * * *
The cyan very ugly thing shocks you!!
You die...
Your body crumbles into a pile of gold.

▓.▓.▓∩▓.▓.▓.▓_▓
▓.▓.▓.▓.▓.▓.▓_▓
▓.▓.▓.▓.▓.▓.▓_▓
▓.▓.▓'▓.▓.▓.▓_▓
▓$▓.▓)▓.▓'▓.▓'▓
▓'▓.▓)▓.▓.▓.▓.▓
▓$▓.▓)▓.▓.▓.▓.▓
▓.▓.▓)▓.▓.▓.▓)▓
▓@▓.▓.▓.▓.▓.▓.▓
▓u▓.▓∩▓.▓.▓.▓[▓
▓C▓.▓.▓.▓.▓.▓[▓
▓l▓.▓∩▓.▓.▓.▓[▓
▓G▓.▓.▓)▓.▓.▓.▓
▓u▓.▓∩▓)▓.▓.▓.▓
▓.▓.▓.▓.▓.▓.▓'▓
▓.▓.▓∩▓.▓.▓.▓.▓
▓.▓.▓.▓)▓.▓)▓


You could see a cyan very ugly thing, a fire giant, a purple ugly thing, a
glowing orange brain and a frilled lizard (summoned).

Vanquished Creatures
  Josephine (D)
  Erolcha (D)
  Harold (D)
  2 hydras (D)
  2 centaur warriors (D)
  2 boulder beetles (D)
  A two-headed ogre (D)
  A catoblepas (D)
  6 orc high priests (D)
  A fire crab (D)
  A deep elf pyromancer (D)
  9 orc knights (D)
  A manticore (D)
  A manticore (shapeshifter) (D)
  An elephant (D)
  Joseph (D)
  Maurice (D)
  5 black mambas (D)
  A komodo dragon (D)
  An efreet (D)
  A shadow (D)
  A slime creature (D)
  4 wraiths (D)
  A wyvern (D)
  3 yaks (D)
  A vampire mosquito (D)
  An acid dragon (D)
  2 wargs (D)
  5 water moccasins (D)
  3 hell hounds (D)
  A black bear (D)
  13 orc warriors (D)
  3 wolves (D)
  A phantom (D)
  A kobold brigand (D)
  A killer bee (D)
  A hound (D)
  4 orc priests (D)
  A worm (D)
  A dart slug (D)
  7 orcs (D)
  A bat (D)
  A giant cockroach (D)
  A hobgoblin (D)
  A quokka (D)
  A rat (D)
101 creatures vanquished.

Vanquished Creatures (others)
  A centaur warrior (D)
  A boulder beetle (D)
2 creatures vanquished.

Grand Total: 103 creatures vanquished

Notes
Turn   | Place    | Note
-------+----------+-------------------------------------------
     0 | D        | rocky1 the Ogre Gladiator began the quest for the Orb.
     0 | D        | Reached XP level 1. HP: 22/22 MP: 1/1
    18 | D        | Reached skill level 3 in Maces & Flails
   101 | D        | Noticed a phantom
   101 | D        | Noticed a hound
   106 | D        | Reached XP level 2. HP: 15/31 MP: 2/2
   130 | D        | Killed a phantom
   131 | D        | Reached skill level 5 in Fighting
   131 | D        | Reached skill level 5 in Maces & Flails
   131 | D        | Reached skill level 5 in Dodging
   131 | D        | Reached XP level 3. HP: 4/42 MP: 3/3
   131 | D        | Reached XP level 4. HP: 5/50 MP: 4/4
   135 | D        | Reached skill level 6 in Maces & Flails
   135 | D        | Reached XP level 5. HP: 5/59 MP: 5/5
   526 | D        | Found a snail-covered altar of Cheibriados.
   526 | D        | Found a shadowy altar of Dithmenos.
   526 | D        | Found a white marble altar of Elyvilon.
   526 | D        | Found a blossoming altar of Fedhas.
   526 | D        | Found an opulent altar of Gozag.
   527 | D        | Found a hazy altar of Hepliaklqana.
   528 | D        | Found a viscous altar of Jiyva.
   529 | D        | Found an ancient bone altar of Kikubaaqudgha.
   530 | D        | Found a corrupted altar of Lugonu.
   531 | D        | Found a burning altar of Makhleb.
   532 | D        | Found a sparkling altar of Nemelex Xobeh.
   533 | D        | Found an iron altar of Okawaru.
   534 | D        | Became a worshipper of Gozag Ym Sagoz the Greedy
   535 | D        | Found a stormy altar of Qazlal.
   536 | D        | Found a sacrificial altar of Ru.
   537 | D        | Found a shimmering blue altar of Sif Muna.
   538 | D        | Found a bloodstained altar of Trog.
   539 | D        | Found a hide-covered altar of Uskayaw.
   540 | D        | Found a radiant altar of Vehumet.
   541 | D        | Found an ornate altar of the Wu Jian Council.
   542 | D        | Found a shimmering altar of Xom.
   543 | D        | Found a basalt altar of Yredelemnul.
   544 | D        | Found a glowing silver altar of Zin.
   545 | D        | Found a glowing golden altar of the Shining One.
   685 | D        | Noticed a vampire mosquito
   685 | D        | Noticed a kobold brigand
   685 | D        | Noticed a yak
   685 | D        | Noticed a shadow
   685 | D        | Noticed a yak
   693 | D        | Killed a vampire mosquito
   694 | D        | Reached skill level 8 in Maces & Flails
   694 | D        | Reached XP level 6. HP: 38/71 MP: 6/6
   699 | D        | Reached skill level 9 in Maces & Flails
   702 | D        | Killed a yak
   703 | D        | Reached skill level 10 in Maces & Flails
   703 | D        | Reached XP level 7. HP: 60/80 MP: 7/7
   705 | D        | Killed a shadow
   706 | D        | Reached skill level 11 in Maces & Flails
   710 | D        | Killed a yak
   870 | D        | Noticed a centaur warrior
   870 | D        | Noticed a centaur warrior
   870 | D        | Noticed a two-headed ogre
   870 | D        | Noticed a five-headed hydra
   870 | D        | Noticed a slime creature
   876 | D        | Reached skill level 12 in Maces & Flails
   876 | D        | Reached XP level 8. HP: 80/93 MP: 8/8
   881 | D        | Killed a centaur warrior
   882 | D        | Reached skill level 10 in Fighting
   882 | D        | Reached skill level 13 in Maces & Flails
   887 | D        | Killed a centaur warrior
   888 | D        | Reached skill level 14 in Maces & Flails
   888 | D        | Reached XP level 9. HP: 52/105 MP: 9/9
   893 | D        | Killed a two-headed ogre
   894 | D        | Reached skill level 15 in Maces & Flails
   896 | D        | HP: 6/159 [five-headed hydra (12)]
   897 | D        | Killed a five-headed hydra
   898 | D        | Reached skill level 16 in Maces & Flails
   898 | D        | Reached skill level 10 in Dodging
   898 | D        | Reached XP level 10. HP: 7/118 MP: 10/10
  1330 | D        | Noticed a black mamba
  1330 | D        | Noticed a black mamba
  1330 | D        | Noticed a black mamba
  1336 | D        | Killed a black mamba
  1342 | D        | Noticed an elephant
  1343 | D        | Noticed a seven-headed hydra
  1344 | D        | Noticed a fire crab
  1346 | D        | Killed a black mamba
  1347 | D        | Reached skill level 17 in Maces & Flails
  1350 | D        | Killed a black mamba
  1352 | D        | Killed an elephant
  1357 | D        | HP: 6/122 [poisoned by a black mamba]
  1775 | D        | Killed a seven-headed hydra
  1778 | D        | Killed a fire crab
  1779 | D        | Reached skill level 18 in Maces & Flails
  2024 | D        | Noticed a black mamba
  2024 | D        | Noticed a catoblepas
  2041 | D        | Noticed a black mamba
  2045 | D        | Killed a catoblepas
  2046 | D        | Reached skill level 15 in Fighting
  2046 | D        | Reached XP level 11. HP: 116/132 MP: 11/11
  2339 | D        | Reached skill level 19 in Maces & Flails
  2469 | D        | Noticed Josephine
  2472 | D        | Reached skill level 1 in Evocations
  2474 | D        | Noticed Joseph
  2482 | D        | Killed Josephine
  2490 | D        | Killed Joseph
  2541 | D        | Noticed Harold
  2553 | D        | Killed Harold
  3033 | D        | Noticed an orc knight
  3033 | D        | Noticed an orc knight
  3039 | D        | Killed an orc knight
  3040 | D        | Reached skill level 1 in Armour
  3061 | D        | Killed an orc knight
  3065 | D        | Reached skill level 20 in Maces & Flails
  3125 | D        | Reached XP level 12. HP: 34/150 MP: 12/12
  3478 | D        | Bought a potion of magic for 104 gold pieces
  3478 | D        | Bought a potion of heal wounds for 65 gold pieces
  3478 | D        | Bought a potion of ambrosia for 104 gold pieces
  3478 | D        | Bought a potion of curing for 39 gold pieces
  3478 | D        | Bought a potion of heal wounds for 65 gold pieces
  3480 | D        | Found Foywi's Antique Armour Emporium.
  3480 | D        | Noticed an orc high priest
  3480 | D        | Noticed an orc high priest
  3481 | D        | Noticed an orc high priest
  3490 | D        | Found Nuniyrean's Distillery.
  3495 | D        | Killed an orc high priest
  3500 | D        | Killed an orc high priest
  3517 | D        | Found Ythraf's Book Emporium.
  3519 | D        | Noticed an orc high priest
  3522 | D        | Killed an orc high priest
  3787 | D        | Noticed a soul eater
  3788 | D        | Killed an orc high priest
  3789 | D        | Reached skill level 21 in Maces & Flails
  3994 | D        | Noticed an orc high priest
  4002 | D        | Killed an orc high priest
  4024 | D        | Noticed an orc high priest
  4030 | D        | Killed an orc high priest
  4031 | D        | Reached skill level 5 in Armour
  4040 | D        | Found Owedeobuo's Armour Shoppe.
  4051 | D        | Bought a potion of curing for 30 gold pieces
  4051 | D        | Bought a potion of haste for 100 gold pieces
  4051 | D        | Bought 2 potions of curing for 60 gold pieces
  4051 | D        | Bought a potion of invisibility for 80 gold pieces
  4051 | D        | Bought a potion of invisibility for 80 gold pieces
  4051 | D        | Bought a potion of brilliance for 40 gold pieces
  4051 | D        | Bought a potion of brilliance for 40 gold pieces
  4051 | D        | Bought 2 potions of brilliance for 80 gold pieces
  4053 | D        | Bought a book of the Earth for 360 gold pieces
  4053 | D        | Bought a book of Scorching for 300 gold pieces
  4053 | D        | Bought Great Wizards, Vol. VII for 300 gold pieces
  4053 | D        | Bought a book of Blood for 280 gold pieces
  4053 | D        | Bought a book of Beasts for 380 gold pieces
  4053 | D        | Bought Mixoul's Textbook on Execration for 360 gold pieces
  4053 | D        | Bought a book of Spectacle for 320 gold pieces
  4058 | D        | Bought the ring of Jenil {rC+ Will+ Str+3 Dex+4} for 993
                  | gold pieces
  4117 | D        | Noticed Maurice
  4118 | D        | Noticed Erolcha
  4122 | D        | Killed Maurice
  4127 | D        | Killed Erolcha
  4353 | D        | Noticed a boulder beetle
  4353 | D        | Noticed a centaur warrior
  4353 | D        | Noticed a boulder beetle
  4356 | D        | Killed a boulder beetle
  4357 | D        | Reached skill level 1 in Spellcasting
  4358 | D        | Noticed a boulder beetle
  4365 | D        | Killed a boulder beetle
  4366 | D        | Killed a centaur warrior
  4641 | D        | Reached XP level 13. HP: 151/165 MP: 16/16
  4645 | D        | Noticed a cyan very ugly thing
  4645 | D        | Noticed a fire giant
  4654 | D        | HP: 8/165 [cyan very ugly thing (23)]
  4657 | D        | Slain by a cyan very ugly thing

Illustrated notes

Levels and vault maps discovered:
D:        linesprint [early_d, line_temple, items_1, d_10, items_2, lair_1,
          lair_end, items_3, orc_1, orc_end, items_4, d_15, swamp_1, shoals_1,
          snake_1, spider_1, d_20, vaults_1, items_5, swamp_end, shoals_end,
          snake_end, spider_end, vaults_end, d_27, items_6, zot_1, zot_end,
          crypt_end, forest_end, elf_end, slime_end, tomb_end, abyss_end,
          pan_hell_end]

Skill      XL: |  1  2  3  4  5  6  7  8  9 10 11 12 13 |
---------------+----------------------------------------+-----
Maces & Flails | 3 5 6 8 10 12 14 16 18 20 21 | 21.8
Fighting       | 3 5 7 8 9 11 12 15 17 19 20 | 20.0
Dodging        | 3 5 6 7 8 9 10 11 13 14 | 14.2
Throwing       | 3 |  3.3
Evocations     | 1 3 |  3.7
Armour         | 2 5 |  5.8
Spellcasting   | 2 |  2.9

Action                     |  1- 3 |  4- 6 |  7- 9 | 10-12 | 13-15 || total
---------------------------+-------+-------+-------+-------+-------++-------
  Melee: Flail             |    46 |     3 |       |       |       ||    49
         Dire flail        |       |    12 |    30 |   242 |    11 ||   295
  Throw: Throwing net      |     3 |       |       |     3 |       ||     6
 Invoke: Potion Petition   |       |       |       |     4 |       ||     4
         Call Merchant     |       |       |       |     2 |       ||     2
  Evoke: Wand              |       |       |       |     8 |       ||     8
    Use: Potion            |     1 |     3 |     2 |     6 |     3 ||    15
         Scroll            |       |       |       |     3 |       ||     3
   Stab: Invisible         |       |     2 |       |     7 |       ||     9
         Distracted        |       |       |     1 |     1 |       ||     2
         Held in net/web   |       |       |       |     1 |       ||     1
 Armour: Robe              |    12 |     2 |     6 |    19 |       ||    39
         Swamp dragon scal |       |       |       |     2 |       ||     2
  Dodge: Dodged            |    18 |    17 |    18 |   103 |     1 ||   157

Table legend: (Time is in decaauts)
 A = Elapsed time spent in this place.
 B = Non-inter-level travel time spent in this place.
 C = Inter-level travel time spent in this place.
 D = Time resting spent in this place.
 E = Time spent auto-exploring this place.
 F = Levels seen in this place.
 G = Mean time per level.
                   A        B        C        D        E       F      G
               +--------+--------+--------+--------+--------+-----+--------+
         Total |   4597 |   4595 |      2 |   3290 |      0 |   1 | 4597.0 |
       Dungeon |   4597 |   4595 |      2 |   3290 |      0 |   1 | 4597.0 |
               +--------+--------+--------+--------+--------+-----+--------+

Top non-repeatable levels by time:
       D: 4597 daAuts
